[Event "*** Titled Tuesday Blitz"]
[Site "Chess.com"]
[Date "2021.02.09"]
[Round "1"]
[White "DanielTitichoca"]
[Black "ENajer77"]
[Result "0-1"]
[WhiteElo "2315"]
[BlackElo "2620"]
[TimeControl "180+1"]
[EndTime "10:01:10 PST"]
[Termination "ENajer77 won by resignation"]

1. e4 c5 2. Nf3 d6 3. d4 cxd4 4. Nxd4 Nf6 5. Nc3 a6 6. Bg5 e6 7. f4 Be7 8. Qe2 h6 9. Bxf6 Bxf6 10. O-O-O Qc7 11. Nf3 Bxc3 12. bxc3 Qxc3 13. Rxd6 Qa3+ 0-1

[Event "*** Titled Tuesday Blitz"]
[Site "Chess.com"]
[Date "2021.02.09"]
[Round "1"]
[White "Lysiak_Poltorak"]
[Black "bocah_sakit"]
[Result "0-1"]
[WhiteElo "2431"]
[BlackElo "2843"]
[TimeControl "180+1"]
[EndTime "10:01:38 PST"]
[Termination "bocah_sakit won by resignation"]

1. e4 c5 2. Nc3 Nc6 3. Bb5 g6 4. Bxc6 bxc6 5. d4 cxd4 6. Qxd4 f6 7. f4 Bg7 8. Nf3 Nh6 9. O-O O-O 10. h3 Nf7 11. Be3 d6 12. Rad1 Qc7 13. g4 f5 14.
exf5 Bxd4 0-1

[Event "*** Titled Tuesday Blitz"]
[Site "Chess.com"]
[Date "2021.02.09"]
[Round "1"]
[White "VFernandezB"]
[Black "Korchmar_Vasiliy"]
[Result "0-1"]
[WhiteElo "2296"]
[BlackElo "2602"]
[TimeControl "180+1"]
[EndTime "10:01:44 PST"]
[Termination "Korchmar_Vasiliy won by resignation"]

1. e4 c5 2. Nf3 d6 3. d4 cxd4 4. Nxd4 Nf6 5. Nc3 Nc6 6. Bg5 e6 7. Qd2 a6 8. O-O-O h6 9. Bh4 Nxe4 10. Nxe4 Qxh4 11. Nxd6+ Bxd6 12. Nxc6 Bf4 0-1

[Event "*** Titled Tuesday Blitz"]
[Site "Chess.com"]
[Date "2021.02.09"]
[Round "1"]
[White "CakeinSpace2002"]
[Black "Alonmindlin"]
[Result "0-1"]
[WhiteElo "2348"]
[BlackElo "2662"]
[TimeControl "180+1"]
[EndTime "10:02:12 PST"]
[Termination "Alonmindlin won by resignation"]

1. Nf3 Nf6 2. b3 d5 3. Bb2 Bg4 4. Ne5 Bf5 5. e3 Nbd7 6. g4 Nxe5 7. gxf5 Nc6 8. Bg2 Qd7 9. Qf3 O-O-O 10. d3 g6 11. Bh3 g5 12. Nd2 d4 13. e4 g4 14.
Bxg4 Ne5 15. Qf4 Nexg4 16. e5 Bh6 17. Qg3 Qd5 18. O-O-O Qxe5 19. Qh3 0-1

[Event "*** Titled Tuesday Blitz"]
[Site "Chess.com"]
[Date "2021.02.09"]
[Round "1"]
[White "Irina_Baraeva"]
[Black "Twannibal"]
[Result "0-1"]
[WhiteElo "2200"]
[BlackElo "2529"]
[TimeControl "180+1"]
[EndTime "10:02:42 PST"]
[Termination "Twannibal won by resignation"]

1. d4 Nf6 2. c4 e6 3. Nf3 d5 4. Nc3 Be7 5. Bf4 O-O 6. e3 Nbd7 7. Bd3 dxc4 8. Bxc4 a6 9. O-O b5 10. Bd3 c5 11.
Rc1 Bb7 12. Qe2 Qb6 13. Rfd1 cxd4 14. Nxd4 e5 15. Nf5 Rfe8 16. Bg5 Bf8 17. Bb1 g6 18. Nh6+ Bxh6 19. Bxh6 Nc5 20. Bg5 Nh5 21. Nd5 Bxd5 22. Rd4 exd4 23. Qg4 0-1

[Event "*** Titled Tuesday Blitz"]
[Site "Chess.com"]
[Date "2021.02.09"]
[Round "1"]
[White "Rud_Makarian"]
[Black "Gerasimenyuk_Miha"]
[Result "1-0"]
[WhiteElo "2840"]
[BlackElo "2426"]
[TimeControl "180+1"]
[EndTime "10:02:43 PST"]
[Termination "Rud_Makarian won by resignation"]

1. d4 d6 2. e4 c6 3. Nc3 Nf6 4.
Nf3 Bg4 5. Be2 e5 6. dxe5 dxe5 7. Qxd8+ Kxd8 8. Nxe5 Bxe2 9. Kxe2 Ke8 10. Bg5 Nbd7 11. Nxd7 Nxd7 12. Rad1 f6 13. Be3 Bb4 14. Nb1 Ne5 15.
c3 Ba5 16. f4 Nc4 17. Bc1 Rd8 18. Rxd8+ Kxd8 19. Rd1+ Kc8 20. b3 1-0

[Event "*** Titled Tuesday Blitz"]
[Site "Chess.com"]
[Date "2021.02.09"]
[Round "1"]
[White "Volodar_Murzin"]
[Black "JasperBeukema"]
[Result "1-0"]
[WhiteElo "2625"]
[BlackElo "2319"]
[TimeControl "180+1"]
[EndTime "10:02:43 PST"]
[Termination "Volodar_Murzin won by resignation"]

1. e4 e5 2. Nf3 Nc6 3. Bb5 g6 4. c3 Bg7 5. d4 exd4 6. cxd4 a6 7. Ba4 b5 8. Bc2 d6 9. O-O Nge7 10. d5 Nb4 11. Bb3 a5 12. a4 Bd7 13. Nc3 bxa4 14.
Bxa4 O-O 15. Be3 Rb8 16. Bxd7 Qxd7 17. Rxa5 f5 18. Ng5 Nexd5 19. Nxd5 1-0

[Event "*** Titled Tuesday Blitz"]
[Site "Chess.com"]
[Date "2021.02.09"]
[Round "1"]
[White "ohajek96"]
[Black "marcodobrikov"]
[Result "1-0"]
[WhiteElo "2258"]
[BlackElo "2541"]
[TimeControl "180+1"]
[EndTime "10:02:48 PST"]
[Termination "ohajek96 won by resignation"]

1. e4 c5 2. Nf3 d6 3. d4 cxd4 4.
Qxd4 Nf6 5. e5 dxe5 6. Qxd8+ Kxd8 7. Nxe5 Be6 8. Nc3 Nbd7 9. Bf4 Nxe5 10. Bxe5 Nd7 11.
O-O-O Kc8 12. Bg3 g6 13. Nb5 Bxa2 14. b3 Bg7 15. Nc7 Rb8 16. Nb5 a6 17. Na7+ 1-0

[Event "*** Titled Tuesday Blitz"]
[Site "Chess.com"]
[Date "2021.02.09"]
[Round "1"]
[White "zeitnot2006"]
[Black "SophieNikoladze"]
[Result "1-0"]
[WhiteElo "2523"]
[BlackElo "2201"]
[TimeControl "180+1"]
[EndTime "10:02:54 PST"]
[Termination "zeitnot2006 won by resignation"]

1. d4 b5 2. a4 b4 3. e4 a5 4. Bd3 Bb7 5. Bg5 h6 6. Bh4 g5 7.
Bg3 Bg7 8. Ne2 e6 9. c3 Nc6 10. Nd2 bxc3 11. bxc3 Nge7 12. h4 g4 13. h5 Ng8 14.
Nf4 Qg5 15. e5 d6 16. Ne4 Qe7 17. exd6 cxd6 18. Rb1 Nf6 19. Rxb7 Qxb7 20. Nxd6+ Kd7 21. Nxb7 1-0

[Event "*** Titled Tuesday Blitz"]
[Site "Chess.com"]
[Date "2021.02.09"]
[Round "1"]
[White "IMAghasiyevKamal"]
[Black "EndGameDestroyer"]
[Result "0-1"]
[WhiteElo "2529"]
[BlackElo "2241"]
[TimeControl "180+1"]
[EndTime "10:03:04 PST"]
[Termination "EndGameDestroyer won by resignation"]

1. d4 Nf6 2. c4 e6 3. g3 d5 4.
Bg2 Be7 5. Nf3 c6 6. Nbd2 b6 7. O-O Bb7 8. Qc2 Nbd7 9. b3 dxc4 10. bxc4 c5 11. e3 cxd4 12. exd4 O-O 13. Bb2 Rc8 14. Rac1 Qc7 15. Rfe1 Rfd8 16. Nb3 Nf8 17. c5 N8d7 18. c6 Qxc6 0-1

[Event "*** Titled Tuesday Blitz"]
[Site "Chess.com"]
[Date "2021.02.09"]
[Round "1"]
[White "MillyNeuf"]
[Black "Susal_De_Silva"]
[Result "0-1"]
[WhiteElo "2322"]
[BlackElo "2627"]
[TimeControl "180+1"]
[EndTime "10:03:34 PST"]
[Termination "Susal_De_Silva won by resignation"]

1. e4 e5 2. Nf3 Nc6 3. Bc4 Nf6 4. d3 Bc5 5. O-O O-O 6. c3 d5 7. exd5 Nxd5 8. Re1 Bg4 9. Nbd2 Nb6 10. Bb3 Qxd3 11. Bc2 Qd8 12. h3 Bh5 13. Qe2 Bd6 14. Ne4 f5 15. Nxd6 cxd6 16. Bb3+ Kh8 17. Qe3 f4 18.
Qe4 d5 19. Qc2 Bxf3 20. gxf3 Qh4 21. Kh2 Rf6 22. Qd3 Qxf2+ 0-1

[Event "*** Titled Tuesday Blitz"]
[Site "Chess.com"]
[Date "2021.02.09"]
[Round "1"]
[White "ajedrez1101"]
[Black "Brave_spirit12"]
[Result "0-1"]
[WhiteElo "2077"]
[BlackElo "2483"]
[TimeControl "180+1"]
[EndTime "10:03:38 PST"]
[Termination "Brave_spirit12 won by checkmate"]

1. b3 Nf6 2. Bb2 e6 3. e3 d5 4. Nf3 Be7 5. Be2 O-O 6. O-O c5 7. d4 Nc6 8. c4 Ne4 9. Nbd2 f5 10. Ne5 Nxe5 11. dxe5 a6 12. a4 Bd7 13. f3 Nxd2 14. Qxd2 Bc6 15. Rfd1 Qb6 16. Qc2 Rad8 17. a5 Qc7 18.
Bc3 d4 19. exd4 cxd4 20. Bxd4 Rxd4 21. Rxd4 Bc5 22. Rd1 Qxe5 23. f4 Bxd4+ 24. Kh1 Qxf4 25. Qd3 Qf2 26. Bf1 Qg1# 0-1

[Event "*** Titled Tuesday Blitz"]
[Site "Chess.com"]
[Date "2021.02.09"]
[Round "1"]
[White "Federtiu"]
[Black "night_player"]
[Result "1-0"]
[WhiteElo "2564"]
[BlackElo "2244"]
[TimeControl "180+1"]
[EndTime "10:03:42 PST"]
[Termination "Federtiu won by resignation"]

1. e4 c5 2. Nc3 Nc6 3. Nge2 e6 4. d4 cxd4 5. Nxd4 d5 6. Bb5 Ne7 7. exd5 exd5 8. O-O a6 9. Ba4 b5 10. Bb3 Nxd4 11. Qxd4 Be6 12. Re1 Nc6 13. Qxd5 Qxd5 14. Bxd5 Kd7 15. Bxe6+ fxe6 16. Bf4 Ke7 17. Rad1 Rd8 18.
Bg5+ 1-0

[Event "*** Titled Tuesday Blitz"]
[Site "Chess.com"]
[Date "2021.02.09"]
[Round "1"]
[White "chessablanca"]
[Black "EdmundPlayer"]
[Result "1-0"]
[WhiteElo "2505"]
[BlackElo "2155"]
[TimeControl "180+1"]
[EndTime "10:03:46 PST"]
[Termination "chessablanca won by resignation"]

1. Nf3 d5 2. c4 d4 3. e3 Nc6 4.
exd4 Nxd4 5. Nxd4 Qxd4 6. Nc3 Nf6 7. d3 g6 8. Be3 Qd8 9. Be2 Bg7 10. O-O O-O 11. d4 c6 12. Qb3 Qc7 13. Rac1 Bf5 14. Rfd1 Rfd8 15. d5 cxd5 16. cxd5 Qd7 17. Bf4 Rac8 18.
Bb5 Rxc3 19. Rxc3 1-0

[Event "*** Titled Tuesday Blitz"]
[Site "Chess.com"]
[Date "2021.02.09"]
[Round "1"]
[White "ChessWarrior7197"]
[Black "alejogarcia1999"]
[Result "1-0"]
[WhiteElo "2951"]
[BlackElo "2459"]
[TimeControl "180+1"]
[EndTime "10:03:51 PST"]
[Termination "ChessWarrior7197 won by resignation"]

1. e4 c5 2. Nf3 e6 3. g3 d5 4.
exd5 exd5 5. Bg2 Nf6 6. O-O Be7 7. d4 O-O 8. dxc5 Nc6 9. Nc3 Bxc5 10. a3 h6 11. b4 Be7 12. Bb2 Bg4 13. h3 Bh5 14. Re1 Re8 15. Qd2 Qd7 16. g4 Bg6 17. b5 Na5 18. Ne5 Nc4 19. Nxc4 dxc4 20. Qxd7 Nxd7 21. Bxb7 Rad8 22. Bc6 Bxc2 23. Nd5 Kf8 24. Nxe7 Rxe7 25. Bxg7+ Ke8 26. Bf6 Re6 27. Rxe6+ fxe6 28. Bxd8 Kxd8 29. Rc1 Bd3 30. f4 Nc5 31. Kf2 Kc7 32. Ke3 a5 33. g5 hxg5 34. fxg5 Nb3 35. Rc3 a4 36. Rxd3 cxd3 37. Kxd3 Nc5+ 38. Kc4 Kd6 39. g6 1-0

[Event "*** Titled Tuesday Blitz"]
[Site "Chess.com"]
[Date "2021.02.09"]
[Round "1"]
[White "champ2005"]
[Black "verdest"]
[Result "1-0"]
[WhiteElo "3031"]
[BlackElo "2467"]
[TimeControl "180+1"]
[EndTime "10:03:54 PST"]
[Termination "champ2005 won by resignation"]

1. d4 Nf6 2. Bf4 e6 3. e3 b6 4.
Nf3 c5 5. c3 Be7 6. Bd3 cxd4 7.
exd4 Ba6 8. O-O Bxd3 9. Qxd3 O-O 10. Nbd2 d5 11. Rfe1 Nc6 12. a4 a6 13. h4 Bd6 14.
Ne5 Qc7 15. Qf3 Nd7 16. Qg3 Rad8 17. h5 f6 18. Ng6 Bxf4 19. Nxf4 1-0

[Event "*** Titled Tuesday Blitz"]
[Site "Chess.com"]
[Date "2021.02.09"]
[Round "1"]
[White "starplatinum2030"]
[Black "Maksimus1998"]
[Result "0-1"]
[WhiteElo "2114"]
[BlackElo "2497"]
[TimeControl "180+1"]
[EndTime "10:04:01 PST"]
[Termination "Maksimus1998 won by resignation"]

1. e4 c5 2. Nf3 d6 3. d4 cxd4 4. Nxd4 Nf6 5. Nc3 Bd7 6. Bg5 e6 7. f4 Be7 8. Qd2 a6 9. O-O-O Qc7 10. g4 Nc6 11. Bxf6 gxf6 12. Nxc6 bxc6 13. g5 fxg5 14. fxg5 Rb8 15. Be2 Qb6 16. Na4 Qb4 17. Qxb4 Rxb4 18.
Nc3 Bxg5+ 19. Kb1 d5 20. exd5 cxd5 21. Bxa6 Bf6 22. a3 Rb6 23. Nxd5 exd5 24. Rhe1+ Be6 25. Rxd5 Rxa6 0-1

[Event "*** Titled Tuesday Blitz"]
[Site "Chess.com"]
[Date "2021.02.09"]
[Round "1"]
[White "biostatistician"]
[Black "NaciSAN"]
[Result "1-0"]
[WhiteElo "2622"]
[BlackElo "2316"]
[TimeControl "180+1"]
[EndTime "10:04:04 PST"]
[Termination "biostatistician won by resignation"]

1. d4 Nf6 2. Nf3 g6 3. c4 Bg7 4.
Nc3 O-O 5. e4 d6 6. Be2 e5 7.
dxe5 dxe5 8. Qxd8 Rxd8 9. Bg5 Re8 10. Nd5 Nxd5 11. cxd5 c6 12. Bc4 cxd5 13. Bxd5 Nc6 14. O-O-O Bg4 15. Kb1 Nd4 16. Nxd4 exd4 17. f3 Be6 18. Bxb7 Rab8 19. Bc6 Rec8 20. Ba4 d3 21. b3 Rc2 22. Rxd3 Rb2+ 23. Kc1 Rxa2 24. Re1 Ra1+ 25. Kd2 Bc3+ 26. Rxc3 Rxe1 27. Kxe1 1-0

[Event "*** Titled Tuesday Blitz"]
[Site "Chess.com"]
[Date "2021.02.09"]
[Round "1"]
[White "HajiyevKanan"]
[Black "DarZay"]
[Result "1-0"]
[WhiteElo "2500"]
[BlackElo "2135"]
[TimeControl "180+1"]
[EndTime "10:04:04 PST"]
[Termination "HajiyevKanan won by resignation"]

1. d4 d5 2. Nf3 Nf6 3. c4 e6 4. cxd5 exd5 5. Nc3 Bf5 6. Bg5 Be7 7. Qb3 b6 8. Bxf6 Bxf6 9. Qxd5 Qxd5 10. Nxd5 Bd8 11. e3 O-O 12. Rc1 c6 13. Nb4 Bd7 14. Ne5 Bf6 15.
Nxd7 Nxd7 16. Rxc6 Rac8 17. Ba6 Rxc6 18. Nxc6 Nb8 19.
Nxb8 Rxb8 20. Kd2 b5 21. Rc1 Kf8 22. b4 Ke7 23. Rc7+ Ke6 24. Rxa7 Be7 25. a3 Rb6 26. Bc8+ Kd5 27. Rxe7 1-0

[Event "*** Titled Tuesday Blitz"]
[Site "Chess.com"]
[Date "2021.02.09"]
[Round "1"]
[White "elextranjero00"]
[Black "isla88"]
[Result "1-0"]
[WhiteElo "2611"]
[BlackElo "2304"]
[TimeControl "180+1"]
[EndTime "10:04:07 PST"]
[Termination "elextranjero00 won by resignation"]

1. d4 d6 2. e4 Nf6 3. Nc3 e5 4. Nf3 Nbd7 5. Bc4 Be7 6. O-O O-O 7. Re1 c6 8. a4 exd4 9. Nxd4 Ne5 10. Bf1 Re8 11.
h3 Bf8 12. Be3 b6 13. f4 Ng6 14. Nxc6 Qc7 15. Nd4 Nxe4 16. Nd5 Qb7 17. c4 Ng3 18. Bd3 h5 19. Bf2 Rxe1+ 20. Qxe1 h4 21. Bxg3 hxg3 22. Qxg3 Ne7 23. Nf6+ 1-0

[Event "*** Titled Tuesday Blitz"]
[Site "Chess.com"]
[Date "2021.02.09"]
[Round "1"]
[White "SilviusTiberius"]
[Black "dodorox"]
[Result "1-0"]
[WhiteElo "2498"]
[BlackElo "2124"]
[TimeControl "180+1"]
[EndTime "10:04:11 PST"]
[Termination "SilviusTiberius won by resignation"]

1. e4 e6 2. d4 d5 3. Nc3 Nf6 4. e5 Nfd7 5. Nce2 c5 6. c3 Nc6 7. Nf3 a6 8. Nf4 b5 9. Bd3 Qb6 10.
O-O cxd4 11. cxd4 Nxd4 12. Nxd4 Qxd4 13. Nxe6 Qb6 14. Nxf8 Nxf8 15. Be3 Qb7 16. Rc1 Nd7 17. Qh5 g6 18. Qh6 Nxe5 19. Qg7 Nxd3 20. Qxh8+ Kd7 21. Rc3 1-0

[Event "*** Titled Tuesday Blitz"]
[Site "Chess.com"]
[Date "2021.02.09"]
[Round "1"]
[White "johnathan113"]
[Black "AniJak"]
[Result "1-0"]
[WhiteElo "2613"]
[BlackElo "2308"]
[TimeControl "180+1"]
[EndTime "10:04:23 PST"]
[Termination "johnathan113 won by resignation"]

1. e4 c5 2. Nf3 e6 3. d4 cxd4 4. Nxd4 a6 5. Nc3 b5 6. g3 Bb7 7. Bg2 Nf6 8. O-O b4 9. Na4 Bxe4 10. Bxe4 Nxe4 11. Re1 d5 12. Nxe6 fxe6 13. Qh5+ g6 14. Qe5 Rg8 15. Qxe6+ Qe7 16. Qxd5 Qf7 17. Rxe4+ Be7 18. Qxa8 Kd7 19. Bf4 Nc6 20. Rd1+ 1-0

[Event "*** Titled Tuesday Blitz"]
[Site "Chess.com"]
[Date "2021.02.09"]
[Round "1"]
[White "FairChess_on_YouTube"]
[Black "AttackSparrow"]
[Result "1-0"]
[WhiteElo "2946"]
[BlackElo "2458"]
[TimeControl "180+1"]
[EndTime "10:04:31 PST"]
[Termination "FairChess_on_YouTube won by resignation"]

1. d4 Nf6 2. Bg5 e6 3. Nd2 d5 4.
e3 Be7 5. Bd3 c5 6. c3 Nc6 7. f4 b6 8. Ngf3 Bb7 9. O-O h6 10. Bxf6 Bxf6 11. Ne5 O-O 12. Qh5 Ne7 13. Ng4 Nf5 14. Nf3 Nd6 15. Nxh6+ gxh6 16. Qxh6 Ne4 17. Bxe4 dxe4 18. Ng5 Bxg5 19. fxg5 Qd7 20. Rf6 cxd4 21.
g6 fxg6 22. Rxg6+ Kf7 23. Rf1+ Ke7 24. Rg7+ Kd6 25. Rxd7+ Kxd7 26. Rxf8 1-0

[Event "*** Titled Tuesday Blitz"]
[Site "Chess.com"]
[Date "2021.02.09"]
[Round "1"]
[White "nrvisakh"]
[Black "shaheus"]
[Result "1-0"]
[WhiteElo "2747"]
[BlackElo "2398"]
[TimeControl "180+1"]
[EndTime "10:04:32 PST"]
[Termination "nrvisakh won by checkmate"]

1. Nf3 d6 2. g3 e5 3. Bg2 g6 4. O-O Bg7 5. c4 Ne7 6. Nc3 O-O 7. d4 Nd7 8. e4 Nc6 9. Be3 Nb6 10. b3 Bg4 11. d5 Nd4 12. Bxd4 exd4 13. Nb5 c5 14.
dxc6 bxc6 15. Nbxd4 c5 16. Nb5 Bxa1 17. Qxa1 a6 18. Nc3 Qf6 19. e5 dxe5 20. Ne4 Qe7 21. Nxe5 Bf5 22. Nc6 Qe6 23. Nf6+ Kg7 24. Nh5+ Kh6 25.
Qg7+ Kxh5 26. Qxh7+ Kg5 27. Qh4# 1-0

[Event "*** Titled Tuesday Blitz"]
[Site "Chess.com"]
[Date "2021.02.09"]
[Round "1"]
[White "WiktoriaPOL"]
[Black "Ave_Mariia"]
[Result "0-1"]
[WhiteElo "2018"]
[BlackElo "2481"]
[TimeControl "180+1"]
[EndTime "10:04:33 PST"]
[Termination "Ave_Mariia won by checkmate"]

1. e4 c5 2. d4 cxd4 3. c3 Nf6 4. e5 Nd5 5. cxd4 d6 6. exd6 e6 7. Nf3 Bxd6 8. Bd3 Nc6 9. O-O O-O 10. Nc3 Bd7 11.
Nxd5 exd5 12. Bxh7+ Kxh7 13. Ng5+ Kg8 14. Qh5 Bf5 15. Re1 Bg6 16. Qh4 Qf6 17. Re3 Rfe8 18.
Bd2 Rxe3 19. Bxe3 Re8 20. g4 Bf4 21. Bxf4 Qxf4 22. Rf1 Nxd4 23. Nh3 Nf3+ 24. Kh1 Qxh2# 0-1

[Event "*** Titled Tuesday Blitz"]
[Site "Chess.com"]
[Date "2021.02.09"]
[Round "1"]
[White "tylityli"]
[Black "chessasuke"]
[Result "1-0"]
[WhiteElo "2282"]
[BlackElo "2538"]
[TimeControl "180+1"]
[EndTime "10:04:35 PST"]
[Termination "tylityli won by resignation"]

1. d4 e6 2. c4 Nf6 3. Nc3 Bb4 4. e3 O-O 5. Ne2 d5 6. a3 Be7 7. cxd5 exd5 8. Nf4 Re8 9. Bd3 Bd6 10. O-O Bxf4 11. exf4 Nc6 12. Bc2 Ne7 13. h3 Bf5 14. Bxf5 Nxf5 15.
Qd3 h5 16. Qxf5 Qd6 17. Bd2 Qb6 18. Nxd5 Nxd5 19. Qxd5 Qxb2 20. Be3 c6 21. Qxh5 Re6 22. f5 Rd6 23. Qg4 Re8 24. a4 Re7 25. a5 Qb5 26. Rfb1 Qd5 27. Rc1 f6 28. h4 Re4 29.
Qf3 Rxh4 30. Qxd5+ Rxd5 31. Rcb1 Rd7 32. f3 Kf7 33. Rc1 Rc7 34. Ra2 Rh8 35. Rac2 Rhc8 36. d5 Ke7 37. d6+ 1-0

[Event "*** Titled Tuesday Blitz"]
[Site "Chess.com"]
[Date "2021.02.09"]
[Round "1"]
[White "CheckThis4"]
[Black "CzechmVIII"]
[Result "1-0"]
[WhiteElo "2568"]
[BlackElo "2266"]
[TimeControl "180+1"]
[EndTime "10:04:36 PST"]
[Termination "CheckThis4 won by resignation"]

1. e4 c5 2. Nc3 Nc6 3. Bb5 Nd4 4.
Bc4 a6 5. Nge2 e6 6. d3 b5 7. Bb3 Nxb3 8. axb3 Bb7 9. O-O g6 10. f4 Bg7 11. f5 d5 12. fxe6 fxe6 13. Nf4 Qd6 14. Qg4 Bd4+ 15. Kh1 Nh6 16. Qxe6+ Qxe6 17. Nxe6 dxe4 18. Bxh6 e3 19. Nc7+ Kd7 20. Rf7+ Kc6 21.
Nxa8 Rxa8 22. Ne4 Re8 23. c3 1-0

[Event "*** Titled Tuesday Blitz"]
[Site "Chess.com"]
[Date "2021.02.09"]
[Round "1"]
[White "paulrusan"]
[Black "SaqoChess_Twitch"]
[Result "0-1"]
[WhiteElo "2237"]
[BlackElo "2552"]
[TimeControl "180+1"]
[EndTime "10:04:45 PST"]
[Termination "SaqoChess_Twitch won by resignation"]

1. e4 c5 2. b4 b6 3. bxc5 bxc5 4. Nc3 d6 5. Nf3 Nf6 6. Bb5+ Bd7 7. Qe2 e6 8. e5 dxe5 9. Nxe5 Be7 10. Qf3 Bxb5 11.
Qxa8 Bd6 12. f4 Bxe5 13. fxe5 Bc6 14. Qxa7 Ng4 15. O-O Qd4+ 16. Kh1 O-O 17. Nd1 Qxe5 0-1

[Event "*** Titled Tuesday Blitz"]
[Site "Chess.com"]
[Date "2021.02.09"]
[Round "1"]
[White "Kovalchuk94"]
[Black "03revilo"]
[Result "1-0"]
[WhiteElo "2641"]
[BlackElo "2328"]
[TimeControl "180+1"]
[EndTime "10:04:54 PST"]
[Termination "Kovalchuk94 won by resignation"]

1. e4 c5 2. Nf3 d6 3. d4 cxd4 4. Nxd4 Nf6 5. Nc3 a6 6. Rg1 e5 7. Nb3 Be6 8. g4 d5 9. exd5 Nxd5 10. Nxd5 Qxd5 11. Qxd5 Bxd5 12. Be3 Nc6 13. O-O-O Bf3 14. Re1 Be7 15. g5 O-O 16. Nd2 Bh5 17. Bh3 Rad8 18. c3 Bg6 19. Bg4 Rd3 20. h4 f5 21.
gxf6 Bxf6 22. Be2 Rd7 23. h5 Bf7 24. Ne4 Bxa2 25. Bg4 Rdd8 26. Bc5 Rfe8 27. Nxf6+ gxf6 28. Be6+ Kh8 29. Bxa2 Rc8 30. Be3 Nd4 31. Bxd4 exd4 32. Rxe8+ 1-0

[Event "*** Titled Tuesday Blitz"]
[Site "Chess.com"]
[Date "2021.02.09"]
[Round "1"]
[White "dozer80"]
[Black "Taktikmonster"]
[Result "1-0"]
[WhiteElo "2600"]
[BlackElo "2288"]
[TimeControl "180+1"]
[EndTime "10:05:00 PST"]
[Termination "dozer80 won by checkmate"]

1. e4 c5 2. Nf3 d6 3. d4 cxd4 4. Nxd4 Nf6 5. Nc3 Nc6 6. Bg5 e6 7. Qd2 a6 8. O-O-O Bd7 9. f3 Nxd4 10. Qxd4 h6 11. Be3 Bc6 12. Kb1 d5 13. e5 Nd7 14. f4 Be7 15. Qd2 O-O 16. Bd3 f6 17.
exf6 Nxf6 18. Bd4 b5 19. Rde1 b4 20. Qe3 bxc3 21. Qxe6+ Kh8 22. Qxe7 cxb2 23. g4 Ne4 24. Qxg7# 1-0

[Event "*** Titled Tuesday Blitz"]
[Site "Chess.com"]
[Date "2021.02.09"]
[Round "1"]
[White "vugarrasulov"]
[Black "Kaua18"]
[Result "1-0"]
[WhiteElo "2746"]
[BlackElo "2395"]
[TimeControl "180+1"]
[EndTime "10:05:02 PST"]
[Termination "vugarrasulov won by checkmate"]

1. e4 c5 2. Nf3 Nc6 3. d4 cxd4 4. Nxd4 Nf6 5. Nc3 e5 6. Ndb5 d6 7. Bg5 a6 8. Na3 b5 9. Nd5 Be7 10. Bxf6 Bxf6 11. c4 b4 12. Nc2 a5 13. Qf3 Be6 14. Rd1 Bg5 15. c5 dxc5 16. Bb5 Qc8 17. Nb6 Qb7 18.
Nxa8 Qxa8 19. Rd6 Bd7 20. Rxd7 Kxd7 21. Qxf7+ Kc8 22. Qxg7 Rd8 23. Qxg5 Nd4 24. Qg4+ Kc7 25. Nxd4 exd4 26. O-O Rg8 27. Qf4+ Kb6 28. Bc4 Rg6 29.
Bd5 Qa7 30. e5 Qe7 31. e6 Rg5 32. Qb8+ Ka6 33. Bc4# 1-0

[Event "*** Titled Tuesday Blitz"]
[Site "Chess.com"]
[Date "2021.02.09"]
[Round "1"]
[White "MrTattaglia"]
[Black "rynos0411"]
[Result "1-0"]
[WhiteElo "2788"]
[BlackElo "2405"]
[TimeControl "180+1"]
[EndTime "10:05:03 PST"]
[Termination "MrTattaglia won by resignation"]

1. Nf3 Nf6 2. c4 g6 3. Nc3 Bg7 4. g3 d6 5. Bg2 O-O 6. O-O e5 7. d3 Nc6 8. Rb1 Re8 9. Ne1 Be6 10. b4 d5 11. cxd5 Nxd5 12. Bd2 Ndxb4 13. a3 Nd5 14. Rxb7 Qd7 15. Nxd5 Bxd5 16. Bxd5 Qxd5 17. Rxc7 e4 18. Be3 Qd6 19. Rb7 Qxa3 20. dxe4 Rxe4 21. Qd5 Re6 22.
Nd3 Rd8 23. Qf3 Rf6 24. Qg4 h5 25. Qh4 Re8 26. Rc1 Rfe6 27. Qf4 Rf6 28. Qc7 Re7 29.
Qc8+ Kh7 30. Rxc6 1-0

[Event "*** Titled Tuesday Blitz"]
[Site "Chess.com"]
[Date "2021.02.09"]
[Round "1"]
[White "Mikhail_Golubev"]
[Black "Gusarov91"]
[Result "1-0"]
[WhiteElo "2532"]
[BlackElo "2214"]
[TimeControl "180+1"]
[EndTime "10:05:04 PST"]
[Termination "Mikhail_Golubev won by resignation"]

1. e4 c5 2. Nf3 d6 3. d4 Nf6 4. Nc3 cxd4 5. Nxd4 a6 6. Bc4 e6 7. O-O b5 8. Bb3 b4 9. Na4 Be7 10. f4 Nxe4 11. f5 d5 12. fxe6 Bxe6 13. Nxe6 fxe6 14. Qh5+ g6 15. Qe5 Rf8 16. Rxf8+ Bxf8 17. Qxe6+ Be7 18. Bxd5 Nf6 19. Qf7+ Kd7 20. Bxa8 Qa5 21. Be3 Qe5 22. Rd1+ Kc7 23. Bc5 Nc6 24. Bxc6 Kxc6 25. Bxe7 Qe3+ 26.
Kh1 Qe2 27. Qxf6+ 1-0

[Event "*** Titled Tuesday Blitz"]
[Site "Chess.com"]
[Date "2021.02.09"]
[Round "1"]
[White "12teen"]
[Black "AsaHoffmann"]
[Result "1-0"]
[WhiteElo "2810"]
[BlackElo "2408"]
[TimeControl "180+1"]
[EndTime "10:05:06 PST"]
[Termination "12teen won by resignation"]

1. g3 d6 2. Bg2 e5 3. d3 Nf6 4.
Nc3 c6 5. e4 Be7 6. f4 h5 7. h3 b5 8. Nf3 Nbd7 9. Be3 a6 10.
Qd2 Bb7 11. a3 Qc7 12. d4 c5 13. d5 c4 14. O-O Nc5 15. Nh4 Nfd7 16. Nf5 Bf8 17.
fxe5 Nxe5 18. Bg5 g6 19. Nd4 Bg7 20. Bf6 Bh6 21. Qe2 O-O 22. Rf2 Ncd7 23. Bh4 Qc5 24. Rd1 Rae8 25. Kh1 Bg7 26. Bg5 Ng4 27. hxg4 Bxd4 28.
Rff1 hxg4 29. Qxg4 Ne5 30. Qh4 Bc8 31. Bf6 1-0

[Event "*** Titled Tuesday Blitz"]
[Site "Chess.com"]
[Date "2021.02.09"]
[Round "1"]
[White "djano"]
[Black "Evachess2006"]
[Result "1-0"]
[WhiteElo "2469"]
[BlackElo "1625"]
[TimeControl "180+1"]
[EndTime "10:05:07 PST"]
[Termination "djano won by resignation"]

1. e4 e5 2. Nf3 Nc6 3. d4 exd4 4.
Nxd4 Nf6 5. Nxc6 dxc6 6. Qxd8+ Kxd8 7. Bd3 Bd6 8. Nc3 Be6 9. Bg5 Kd7 10. O-O-O h5 11. h3 Rae8 12. Rhe1 Be5 13. Na4 Kc8 14. f4 Bd4 15. c3 Bb6 16. b3 Nd7 17. f5 Bxf5 18. exf5 Ne5 19. Kc2 Nxd3 20. Kxd3 f6 21. Be3 Rd8+ 22. Kc2 Rhe8 23. Rxd8+ Kxd8 24. Rd1+ Kc8 25. Nxb6+ cxb6 26. Kd3 Rd8+ 27. Ke2 Re8 28. Kf3 Re5 29.
g4 hxg4+ 30. hxg4 Kc7 31. Bf4 1-0